 Dungeon Crawl Stone Soup version 0.24.0-123-gd5b16e6ec5 (webtiles) character file.

Game seed: 2338350282095387703, levelgen mode: deterministic

101031 Jynx the Bludgeoner (level 15, -8/136 HPs)
             Began as a Minotaur Fighter on Jan 25, 2020.
             Was an Elder of Okawaru.
             Mangled by a golden dragon simulacrum (12 damage)
             ... in an ice cave.
             The game lasted 00:46:03 (24800 turns).

Jynx the Bludgeoner (Minotaur Fighter)             Turns: 24800, Time: 00:46:04

Health: -8/136     AC: 20    Str: 23    XL:     15   Next: 82%
Magic:  22/22      EV:  9    Int:  5    God:    Okawaru [****..]
Gold:   2247       SH: 15    Dex: 14    Spells: 14/14 levels left

rFire    + . .     SeeInvis +   v - +7 morningstar (vamp)
rCold    + . .     Gourm    .   D - +2 shield {rN+}
rNeg     + . .     Faith    .   u - +3 scale mail {rC+}
rPois    .         Spirit   .   C - +2 hat {SInv}
rElec    .         Reflect  .   G - scarf {repulsion}
rCorr    .         Harm     .   P - +2 pair of gloves
MR       ++...                  M - +1 pair of boots {Fly}
Stlth    ..........             N - amulet of the acrobat
HPRegen  0.32/turn              A - ring of protection from magic
MPRegen  0.18/turn              z - ring of protection from fire

@: flying, hasted, repel missiles, very quick
A: retaliatory headbutt, horns 2
a: Heroism, Renounce Religion, Stop Flying


You were in an ice cave.
You worshipped Okawaru.
Okawaru was greatly pleased with you.
You were not hungry.

You visited 5 branches of the dungeon, and saw 24 of its levels.
You also visited: Ice Cave and Volcano.

You collected 2434 gold pieces.
You spent 187 gold pieces at shops.

Inventory:

Hand Weapons
 v - a +7 vampiric morningstar (weapon)
Armour
 u - a +3 scale mail of cold resistance (worn)
 C - a +2 hat of see invisible (worn)
 D - a +2 shield of positive energy (worn)
 G - a scarf of repulsion (worn)
 M - a +1 pair of boots of flying (worn)
 P - a +2 pair of gloves (worn)
Jewellery
 y - an uncursed ring of resist corrosion
 z - a ring of protection from fire (right hand)
 A - a ring of protection from magic (left hand)
 I - an uncursed ring of stealth
 N - an amulet of the acrobat (around neck)
Wands
 b - a wand of paralysis (11)
 e - a wand of flame (52)
 h - a wand of iceblast (18)
 l - a wand of digging (7)
 s - a wand of acid (19)
 x - a wand of random effects (17)
 F - a wand of polymorph (24)
Scrolls
 d - 9 scrolls of teleportation
 k - 3 scrolls of blinking
 o - 8 scrolls of fear
 p - 12 scrolls of remove curse
 B - 2 scrolls of identify
 H - a scroll of amnesia
 K - 2 scrolls of magic mapping
 L - a scroll of enchant armour
Potions
 a - 4 potions of berserk rage
 g - 3 potions of haste
 i - 3 potions of invisibility
 j - 2 potions of flight
 m - 3 potions of cancellation
 n - 5 potions of lignification
 q - 5 potions of mutation
 r - a potion of brilliance
 t - a potion of curing
 w - 3 potions of agility
 E - 3 potions of ambrosia
 J - 2 potions of might
 O - a potion of resistance
Comestibles
 c - 12 chunks of flesh
 f - 39 rations


   Skills:
 + Level 13.2 Fighting
 + Level 20.4 Maces & Flails
 + Level 13.2 Armour
 - Level 13.1 Shields
 - Level 11.6 Invocations


You had 14 spell levels left.
You didn't know any spells.
Your spell library contained the following spells:

 Spells                   Type           Power        Failure   Level  Hunger
 Animate Skeleton         Necr           N/A          80%         1    ##.....
 Beastly Appendage        Tmut           #.....       80%         1    ##.....
 Flame Tongue             Conj/Fire      #....        80%         1    ##.....
 Pain                     Necr           #...         80%         1    ##.....
 Sticks to Snakes         Tmut           #.......     90%         2    ###....
 Throw Flame              Conj/Fire      #.....       90%         2    ###....
 Conjure Flame            Conj/Fire      #.......     99%         3    ####...
 Inner Flame              Hex/Fire       #.......     99%         3    ####...
 Spider Form              Tmut/Pois      #.........   99%         3    ####...
 Vampiric Draining        Necr           #.........   99%         3    ####...
 Ice Form                 Ice/Tmut       #.......     100%        4    #####..
 Sticky Flame             Conj/Fire      #.......     100%        4    #####..
 Blade Hands              Tmut           #.........   100%        5    ######.
 Bolt of Draining         Conj/Necr      #.........   100%        5    ######.
 Fireball                 Conj/Fire      #.........   100%        5    ######.
 Death Channel            Necr           #.........   100%        6    #######


Dungeon Overview and Level Annotations

Branches:
Dungeon (13/15)            Temple (1/1) D:4            Lair (6/6) D:9
  Swamp (2/4) Lair:3       Spider (0/4) Lair:2        Slime (0/5) Lair:6
    Orc (2/2) D:11            Elf (0/3) Orc:2         IceCv (1/1)
Volcano (visited)
 Vaults: D:13-14

Altars:
Ashenzari
Cheibriados
Dithmenos
Elyvilon
Fedhas
Gozag
Hepliaklqana
Kikubaaqudgha
Makhleb
Nemelex Xobeh
Okawaru
Qazlal
Ru
Sif Muna
Trog
Uskayaw
Vehumet
Wu Jian
Xom
Yredelemnul
Zin
The Shining One
Beogh
Jiyva

Shops:
D:6 (   D:9 (}*   Orc:1 *   Orc:2 [}*?   Swamp:1 *

Portals:
Pandemonium: Orc:2

Annotations:
Lair:2 exclusion: 2 oklob plants


Innate Abilities, Weirdness & Mutations

You reflexively headbutt those who attack you in melee.
You have a pair of horns on your head.


Message History

You block the golden dragon simulacrum's attack. x3
You see here 14 gold pieces.
You impale the golden dragon simulacrum!!
The golden dragon simulacrum is heavily damaged.
You sock the golden dragon simulacrum!
The golden dragon simulacrum is severely damaged.
You hit the golden dragon simulacrum but do no damage.
You headbutt the golden dragon simulacrum.
The golden dragon simulacrum is severely damaged.
You block the golden dragon simulacrum's attack.
The golden dragon simulacrum claws you.
* * * LOW HITPOINT WARNING * * *
The golden dragon simulacrum freezes you!
You resist.
* * * LOW HITPOINT WARNING * * *
The golden dragon simulacrum tramples you.
* * * LOW HITPOINT WARNING * * *
The golden dragon simulacrum freezes you!
You resist.
You die...

## ## #### (#$##
#..####### ##§#☼#
#.∩...§#§###@#☼# ####
##..∩.§☼..###ZZ###§§§##
###..§§.§.§###☼#§§☼§§#
####§###§.#°#°≈§# ###
##○☼Z§§### ##☼°☼##
##.## ###


You could see a golden dragon simulacrum and a draconian simulacrum.

Vanquished Creatures
  Jorgrun (Orc:1)
  Frances (Swamp:2)
  Kirke (Lair:5)
  A stone giant (Orc:1)
  The ghost of Winsalot the Thaumaturge, a journeyman DgCj (Orc:1)
  Azrael (D:13)
  A fire dragon (Volcano)
  An ettin (D:13)
  11 hydras
  A centaur warrior (D:13)
  A ghost crab (Swamp:1)
  2 shambling mangroves (Swamp:1)
  A two-headed ogre (D:13)
  A merfolk avatar (Lair:6)
  6 death yaks
  2 alligators
  A hell hog (Volcano)
  4 spriggans
  Nergalle (Orc:1)
  3 orc high priests (Orc:2)
  A sixfirhy (Orc:2)
  2 sea snakes
  4 unseen horrors
  An infernal demonspawn (Orc:2)
  A torturous demonspawn (Orc:2)
  3 swamp dragons
  6 orc knights
  An oklob plant (Orc:2)
  3 cyclopes
  A deep elf mage (D:13)
  9 orc sorcerers
  A salamander (shapeshifter) (D:13)
  3 centaur zombies
  A manticore (Lair:6)
  3 black mambas
  14 elephants
  20 spiny frogs
  A spiny frog (shapeshifter) (D:13)
  A torpor snail (Lair:3)
  2 gargoyles
  A smoke demon (Orc:2)
  3 rime drakes
  An anaconda simulacrum (IceCv)
  14 komodo dragons
  An ice devil (Orc:2)
  2 trolls
  A wind drake (Lair:6)
  11 hornets
  6 polar bears
  The ghost of Neles the Sneak, an amateur DsAs of Ru (D:5)
  11 blink frogs
  Prince Ribbit (D:8)
  5 tyrant leeches
  8 slime creatures
  6 hippogriffs
  5 bog bodies
  31 yaks
  2 redbacks (Lair:2)
  6 fire elementals (D:13)
  A human (D:9)
  A basilisk (Lair:4)
  3 fire bats (Volcano)
  9 hogs
  2 wyverns
  3 chaos spawn (Orc:2)
  2 hungry ghosts
  2 steam dragons (Volcano)
  6 wargs
  13 swamp worms
  7 vampire mosquitoes
  An acid dragon (D:10)
  Menkaure (D:5)
  A hell hound (Volcano)
  30 orc warriors
  15 water moccasins
  A floating eye (shapeshifter) (D:13)
  8 porcupines
  2 swamp drakes
  5 ice beasts
  5 sky beasts
  A necrophage (D:10)
  5 ogres
  An eye of draining (D:10)
  2 phantoms
  19 wolves
  10 crocodiles
  7 centaurs
  3 big kobolds
  14 bullfrogs
  A wyvern zombie (D:11)
  A wyvern skeleton (D:13)
  2 scorpions
  A swamp dragon simulacrum (IceCv)
  3 howler monkeys
  2 crimson imps
  A bullfrog zombie (D:7)
  8 hounds
  2 draconian simulacra (IceCv)
  6 jellies
  A centaur skeleton (D:5)
  A gnoll shaman (D:7)
  29 orc priests
  3 bullfrog skeletons
  Ijyb (D:3)
  Terence (D:3)
  4 iguanas
  24 orc wizards
  6 worker ants
  A hound zombie (D:8)
  A hound skeleton (D:6)
  A howler monkey zombie (D:9)
  3 worker ant zombies
  Robin (D:3)
  10 gnolls
  6 adders
  3 shadow imps
  A white imp (IceCv)
  An ufetubus (IceCv)
  4 oozes (Lair:6)
  An adder skeleton (D:9)
  An adder zombie (D:6)
  3 leopard geckos
  102 orcs
  6 bats
  6 giant cockroaches
  2 gnoll zombies (D:3)
  8 hobgoblins
  17 jackals
  24 kobolds
  6 quokkas
  A ball python (D:3)
  6 frilled lizards
  18 goblins
  A jackal zombie (D:6)
  A leopard gecko skeleton (D:5)
  3 rats (D:3)
751 creatures vanquished.

Vanquished Creatures (others)
  An orc warrior (Orc:1)
  A swamp drake (Swamp:1)
  3 ufetubi (IceCv)
  5 fungi
  17 plants
27 creatures vanquished.

Grand Total: 778 creatures vanquished

Notes
Turn   | Place    | Note
-------+----------+-------------------------------------------
     0 | D:1      | Jynx the Minotaur Fighter began the quest for the Orb.
     0 | D:1      | Reached XP level 1. HP: 19/19 MP: 0/0
   149 | D:1      | Reached skill level 3 in Maces & Flails
   165 | D:1      | Reached XP level 2. HP: 13/26 MP: 1/1
  1248 | D:2      | Reached XP level 3. HP: 20/31 MP: 2/2
  1447 | D:2      | You fall into a shaft and drop 2 floors!
  1456 | D:4      | Reached skill level 4 in Maces & Flails
  1456 | D:4      | Reached XP level 4. HP: 32/39 MP: 3/3
  1486 | D:4      | Reached skill level 5 in Maces & Flails
  1540 | D:4      | Found a staircase to the Ecumenical Temple.
  1548 | D:4      | Reached XP level 5. HP: 29/45 MP: 4/4
  1658 | Temple   | Entered the Ecumenical Temple
  1765 | Temple   | Became a worshipper of Warmaster Okawaru
  1867 | D:3      | Reached skill level 5 in Shields
  1880 | D:3      | Reached skill level 6 in Maces & Flails
  2030 | D:3      | Found a basalt altar of Yredelemnul.
  2071 | D:3      | Noticed Terence
  2088 | D:3      | Killed Terence
  2142 | D:3      | Noticed Ijyb
  2145 | D:3      | Paralysed by Ijyb for 4 turns
  2151 | D:3      | Killed Ijyb
  2151 | D:3      | Reached XP level 6. HP: 48/51 MP: 5/5
  2915 | D:3      | Noticed Robin
  2922 | D:3      | Killed Robin
  3236 | D:4      | Reached skill level 7 in Maces & Flails
  3250 | D:4      | Reached * piety under Okawaru
  3253 | D:4      | Reached XP level 7. HP: 9/57 MP: 6/6
  3602 | D:4      | Reached skill level 8 in Maces & Flails
  4418 | D:5      | Entered Level 5 of the Dungeon
  4612 | D:5      | Reached skill level 9 in Maces & Flails
  4626 | D:5      | Reached XP level 8. HP: 38/64 MP: 7/7
  4841 | D:5      | Reached ** piety under Okawaru
  4849 | D:5      | Reached skill level 10 in Maces & Flails
  5094 | D:5      | Found a runed translucent gate.
  5095 | D:5      | Found a runed translucent gate.
  5096 | D:5      | Found a runed translucent gate.
  5098 | D:5      | Noticed Neles's ghost (amateur DsAs)
  5100 | D:5      | Identified the cursed +1 hunting sling of the Madman
                  | {freeze, MR+ Int+4 Dex-3 Stlth+}
  5100 | D:5      | Identified the cursed +0 scale mail of Seifexko {rC+
                  | Stlth+}
  5102 | D:5      | Found a roughly hewn altar of Beogh.
  5124 | D:5      | Killed Neles's ghost
  5230 | D:5      | Noticed Menkaure
  5237 | D:5      | Killed Menkaure
  5237 | D:5      | Reached skill level 11 in Maces & Flails
  5352 | D:6      | Reached *** piety under Okawaru
  5611 | D:6      | Reached XP level 9. HP: 70/70 MP: 8/8
  5831 | D:6      | Found Kiteniug's Weapon Boutique.
  6284 | D:7      | Reached skill level 12 in Maces & Flails
  7333 | D:7      | Reached skill level 13 in Maces & Flails
  7335 | D:7      | Reached skill level 10 in Shields
  7618 | D:7      | Identified a scroll of acquirement
  7662 | D:8      | Reached **** piety under Okawaru
  7743 | D:8      | Received a gift from Okawaru
  7767 | D:8      | Noticed Prince Ribbit
  7785 | D:8      | Killed Prince Ribbit
  8095 | D:8      | Reached XP level 10. HP: 77/77 MP: 9/9
  8409 | D:8      | Reached skill level 14 in Maces & Flails
  8708 | D:9      | Found Ceociore's Antique Weapon Boutique.
  8724 | D:9      | Found Soiguigh's Gadget Boutique.
  8962 | D:9      | Found a staircase to the Lair.
  9001 | D:9      | Found Wyemeq's Assorted Antiques.
  9120 | D:9      | Reached ***** piety under Okawaru
  9120 | D:9      | Reached skill level 15 in Maces & Flails
  9538 | Lair:1   | Entered Level 1 of the Lair of Beasts
  9539 | Lair:1   | Noticed a seven-headed hydra
  9551 | Lair:1   | Killed a seven-headed hydra
  9750 | Lair:1   | Noticed a black mamba
  9761 | Lair:1   | Killed a black mamba
  9761 | Lair:1   | Reached XP level 11. HP: 53/82 MP: 10/10
 10161 | Lair:1   | Reached skill level 16 in Maces & Flails
 10510 | Lair:1   | Received a gift from Okawaru
 10785 | Lair:2   | Found a hole to the Spider Nest.
 10829 | Lair:2   | Reached skill level 17 in Maces & Flails
 10996 | Lair:2   | Received a gift from Okawaru
 11331 | Lair:2   | Noticed an oklob plant
 11341 | Lair:2   | Reached skill level 1 in Invocations
 11879 | Lair:2   | Noticed an oklob plant
 11896 | Lair:3   | Noticed a four-headed hydra
 11901 | Lair:3   | Killed a four-headed hydra
 11901 | Lair:3   | Reached XP level 12. HP: 77/90 MP: 10/14
 11924 | Lair:3   | Reached skill level 5 in Invocations
 12136 | Lair:3   | Noticed a death yak
 12149 | Lair:3   | Killed a death yak
 12295 | Lair:3   | Noticed a seven-headed hydra
 12304 | Lair:3   | Killed a seven-headed hydra
 12304 | Lair:3   | Received a gift from Okawaru
 12324 | Lair:3   | Found a dark tunnel.
 12330 | Volcano  | Entered a volcano
 12346 | Volcano  | Noticed a fire dragon
 12362 | Volcano  | Killed a fire dragon
 12525 | Volcano  | Noticed a hell hog
 12535 | Volcano  | Killed a hell hog
 12762 | Lair:3   | Noticed a four-headed hydra
 12763 | Lair:3   | Noticed a seven-headed hydra
 12807 | Lair:3   | Killed a four-headed hydra
 12807 | Lair:3   | Reached skill level 10 in Invocations
 12824 | Lair:3   | Killed a seven-headed hydra
 12900 | Lair:3   | Found a staircase to the Swamp.
 13239 | Lair:4   | Noticed a five-headed hydra
 13251 | Lair:4   | Killed a five-headed hydra
 13255 | Lair:4   | Reached XP level 13. HP: 95/95 MP: 20/20
 13637 | Lair:4   | Received a gift from Okawaru
 14284 | Lair:5   | Reached skill level 5 in Fighting
 14284 | Lair:5   | Reached skill level 5 in Armour
 14536 | Lair:5   | Noticed Kirke
 14558 | Lair:5   | Killed Kirke
 15037 | Lair:6   | Entered Level 6 of the Lair of Beasts
 15628 | Lair:6   | Reached skill level 18 in Maces & Flails
 15811 | Lair:6   | Received a gift from Okawaru
 16461 | Lair:6   | Reached XP level 14. HP: 116/116 MP: 15/21
 16595 | Lair:6   | Found a runed translucent door.
 16595 | Lair:6   | Found a viscous altar of Jiyva.
 16595 | Lair:6   | Found a staircase to the Slime Pits.
 17102 | D:10     | Entered Level 10 of the Dungeon
 18054 | D:11     | Found a staircase to the Orcish Mines.
 18679 | D:12     | Received a gift from Okawaru
 18730 | D:12     | Found a shadowy altar of Dithmenos.
 18786 | D:12     | Found a gate leading to a gauntlet.
 19306 | D:13     | Reached skill level 10 in Armour
 19309 | D:13     | Reached skill level 10 in Fighting
 19309 | D:13     | Reached skill level 19 in Maces & Flails
 19561 | D:13     | Noticed Azrael
 19589 | D:13     | Killed Azrael
 19943 | Orc:1    | Entered Level 1 of the Orcish Mines
 19943 | Orc:1    | Found Eunoc's Eclectic Emporium.
 19944 | Orc:1    | Noticed Nergalle
 19953 | Orc:1    | Killed Nergalle
 19954 | Orc:1    | Noticed a stone giant
 19972 | Orc:1    | Killed a stone giant
 20100 | Orc:1    | Noticed Jorgrun
 20126 | Orc:1    | Killed Jorgrun
 20126 | Orc:1    | Received a gift from Okawaru
 20574 | Orc:2    | Entered Level 2 of the Orcish Mines
 21259 | Orc:2    | Found Jehavaub's Magic Scroll Emporium.
 21261 | Orc:2    | Found Kaanifu's General Store.
 21304 | Orc:2    | Reached XP level 15. HP: 98/130 MP: 14/22
 21419 | Orc:2    | Found a staircase to the Elven Halls.
 21801 | Orc:2    | Found Vyrex's Antique Armour Shop.
 21801 | Orc:2    | Found a one-way gate leading to the halls of Pandemonium.
 21801 | Orc:2    | Found Emied's Gadget Boutique.
 21811 | Orc:2    | Bought a pair of embroidered boots for 187 gold pieces
 21956 | Orc:1    | Found a runed translucent door.
 21963 | Orc:1    | Noticed Winsalot's ghost (journeyman DgCj)
 22011 | Orc:1    | Killed Winsalot's ghost
 22294 | Swamp:1  | Entered Level 1 of the Swamp
 22487 | Swamp:1  | Reached skill level 20 in Maces & Flails
 22496 | Swamp:1  | Identified the Reference Book on Necromancy
 23460 | Swamp:1  | Paralysed by a hornet for 2 turns
 23701 | Swamp:1  | Found Zaoll's Island Escapes.
 24260 | Swamp:2  | Received a gift from Okawaru
 24632 | Swamp:2  | Found a frozen archway.
 24633 | Swamp:2  | Noticed Frances
 24650 | Swamp:2  | Killed Frances
 24750 | IceCv    | Entered an ice cave
 24781 | IceCv    | HP: 3/136 [golden dragon simulacrum (12)]
 24787 | IceCv    | HP: 3/136 [something (7)]
 24800 | IceCv    | HP: 4/136 [golden dragon simulacrum (3)]
 24800 | IceCv    | Mangled by a golden dragon simulacrum

Levels and vault maps discovered:
D:1:      grunt_arrival_crossed_arrows, layout_basic, serial_forest,
          infiniplex_forest_lined_3_way, infiniplex_forest_lined_3,
          infiniplex_forest_end_2, infiniplex_forest_end_2,
          infiniplex_forest_lined_room_, infiniplex_forest_clump_diagonal,
          infiniplex_forest_clump_curved, serial_park_tiny_1
D:2:      layout_loops_ring
D:3:      kennysheep_goblin_castle, layout_rooms,
          lemuel_zombie_altar_yredelemnul, minivault_26, uniq_ijyb, uniq_terence
D:4:      cheibrodos_helix_gallery, layout_basic, minmay_temple_entry_glass,
          first_ration
D:5:      layout_rooms, biasface_ghost_orc_armoury, uniq_menkaure
D:6:      layout_layer_cave, serial_shops, shop, minmay_misc_feat_chi,
          kennysheep_potato
D:7:      layout_basic
D:8:      layout_basic, due_unseen_surprise, uniq_prince_ribbit1
D:9:      layout_gridville, lair_entry_dummy, serial_shops, nicolae_shop_stone,
          nicolae_shop_competitors_out_of_business, shop_statue, grunt_livestock
D:10:     layout_rooms, minmay_misc_feat_iff
D:11:     layout_small_grid, david_orc_1_choice
D:12:     layout_cave_pools, gauntlet_entry_generic,
          grunt_dithmenos_smoke_and_mirrors
D:13:     layout_loops_corners, david_vaults_4, enter_trove_6, uniq_azrael
Temple:   kilobyte_greek_temple
Lair:1:   layout_loops_ring
Lair:2:   layout_cave_pods, spider_nest_entry_webs, minmay_lair_oklob_chamber
Lair:3:   layout_loops_ring, palyth_hydra_swamp_entry, enter_volcano_2
Lair:4:   layout_regular_city, serial_bayou_crossing
Lair:5:   layout_regular_city, lemuel_fruit_fields, uniq_kirke
Lair:6:   gammafunk_lair_ancient_temple, layout_regular_city, slime_altar_2
Swamp:1:  layout_falls_marsh, infiniplex_staircase_pool, swamp_pool1,
          nicolae_island_escapes
Swamp:2:  layout_basic_swamp, portal_ice_cave_entry_pillars_three,
          evilmike_swamp_ruin_rubble_2, swamp_pool4, uniq_frances
Orc:1:    layout_diamond_mine, ebering_ghost_reflecting_pool,
          nicolae_alphabet_shops, uniq_nergalle, uniq_jorgrun
Orc:2:    pf_orc_diabolical, layout_diamond_mine, mines3_lemuel
IceCv:    ice_cave_caverns_02

Skill      XL: |  1  2  3  4  5  6  7  8  9 10 11 12 13 14 15 |
---------------+----------------------------------------------+-----
Maces & Flails | 3 4 5 6 7 9 11 13 15 17 18 19 20 | 20.4
Shields        | 4 5 6 7 8 10 12 13 | 13.1
Invocations    | 4 11 | 11.6
Fighting       | 8 11 13 | 13.2
Armour         | 8 11 13 | 13.2

Action                   |  1- 3 |  4- 6 |  7- 9 | 10-12 | 13-15 || total
-------------------------+-------+-------+-------+-------+-------++-------
Melee: Flail             |    53 |   203 |   331 |       |       ||   587
       Headbutt          |     7 |    37 |    76 |   118 |   330 ||   568
       Morningstar       |       |       |    49 |   580 |  1425 ||  2054
       Unarmed           |       |       |       |       |    12 ||    12
Invok: Heroism           |       |       |     6 |    23 |    55 ||    84
       Finesse           |       |       |       |     4 |     7 ||    11
Evoke: Wand              |       |       |       |       |     1 ||     1
  Use: Potion            |       |     1 |     1 |       |    10 ||    12
       Scroll            |       |       |    17 |     7 |    14 ||    38
  Eat: Chunk             |       |     8 |    16 |    17 |    38 ||    79
Armor: Scale mail        |    22 |    87 |    96 |   138 |   333 ||   676
Dodge: Dodged            |    16 |    49 |    77 |   153 |   302 ||   597
       Deflected         |       |       |     1 |     5 |    14 ||    20
Block: Shield            |    24 |   100 |   189 |   377 |   851 ||  1541
